 Dungeon Crawl Stone Soup version 0.19.5 (webtiles) character file.

3726 JeffiDaFish the Covered (level 10, 0/63 HPs)
             Began as a Gargoyle Fighter on Aug 17, 2017.
             Killed by nerve-wracking pain
             ... invoked by an orc priest
              (6 damage)
             ... on level 10 of the Dungeon.
             The game lasted 00:14:01 (6619 turns).

JeffiDaFish the Covered (Gargoyle Fighter)          Turns: 6619, Time: 00:14:02

Health: 0/63       AC: 23    Str: 21    XL:     10   Next: 14%
Magic:  24/24      EV:  8    Int:  8    God:
Gold:   466        SH:  0    Dex: 12    Spells: 1 memorised, 13 levels left

rFire  . . .     SeeInvis .     y - +0 morningstar
rCold  . . .     Gourm    .     r - +0 plate armour
rNeg   + . .     Faith    .     c - +0 shield
rPois  ∞         Spirit   .     (no helmet)
rElec  +         Reflect  .     (no cloak)
rCorr  .         Harm     .     j - +0 pair of gloves
MR     .....     Rnd*Rage +     G - +0 pair of boots
Stlth  ..........               h - amulet of rage
                                C - ring of magical power
                                x - +2 ring of evasion

@: confused, exhausted, slowed, very slow
A: berserk 1, negative energy resistance 1, electricity resistance, unbreathing,
petrification resistance, rot immunity, AC +7
a: Evoke Berserk Rage


You were on level 10 of the Dungeon.
You were not hungry.

You visited 2 branches of the dungeon, and saw 9 of its levels.

You collected 466 gold pieces.

Inventory:

Hand Weapons
 m - a +4 whip
 y - a +0 morningstar (weapon)
 D - a +1 antimagic mace
Missiles
 g - 6 javelins (quivered)
Armour
 c - a +0 shield (worn)
 j - a +0 pair of gloves (worn)
 r - a +0 plate armour (worn)
 G - a +0 pair of boots (worn)
Jewellery
 h - an amulet of rage (around neck)
 x - a +2 ring of evasion (left hand)
 C - a ring of magical power (right hand)
Wands
 b - a wand of lightning (10/15)
Scrolls
 a - 2 scrolls of amnesia
 p - 3 scrolls of identify
 t - a scroll of magic mapping
 w - a scroll of remove curse
 z - a scroll of recharging
 A - a scroll of enchant weapon
 E - a scroll of fear
Potions
 d - a potion of might
 e - a potion of cure mutation
 s - a potion of brilliance
 v - a potion of magic
Books
 q - a book of Minor Magic

   Spells                             Type                      Level
   a - Magic Dart                     Conjuration                  1
   b - Blink                          Translocation                2
   c - Call Imp                       Summoning                    2
   d - Repel Missiles                 Charms/Air                   2
   e - Slow                           Hexes                        2
   f - Conjure Flame                  Conjuration/Fire             3
   g - Mephitic Cloud                 Conjuration/Poison/Air       3
Comestibles
 f - 3 bread rations
 k - 6 meat rations
 l - 4 slices of pizza
 o - 4 royal jellies
 u - 3 beef jerkies
 B - a fruit
 F - 4 chunks of flesh


   Skills:
 * Level 7.5 Fighting
 * Level 6.5 Maces & Flails
 * Level 7.8 Armour
 + Level 3.2 Dodging
 * Level 7.3 Shields
 + Level 3.3 Spellcasting
 + Level 3.4 Translocations


You had 13 spell levels left.
You knew the following spells:

 Your Spells              Type           Power        Failure   Level  Hunger
a - Blink                 Tloc           N/A          100%        2    ###....


Dungeon Overview and Level Annotations

Branches:
Dungeon (7/15)             Temple (1/1) D:5

Altars:
Ashenzari
Dithmenos
Elyvilon
Gozag
Hepliaklqana
Kikubaaqudgha
Nemelex Xobeh
Qazlal
Ru
Sif Muna
Trog
Uskayaw
Vehumet
Xom
Yredelemnul
Zin
The Shining One


Innate Abilities, Weirdness & Mutations

You are resistant to torment.
Your stone body is resilient. (AC +7)
You are immune to poison.
You resist negative energy. (rN+)
You are resistant to electric shocks. (rElec)
You can survive without breathing.
You are immune to petrification.
You are immune to rotting.
You tend to lose your temper in combat.


Message History

You are too berserk!
You are too berserk!
You feel a strong urge to attack something.
The orc wizard hits you but does no damage.
The orc priest invokes the aid of Beogh against you.
Beogh smites you!
* * * LOW HITPOINT WARNING * * *
The orc wizard hits you but does no damage.
You feel your anger subside.
You are no longer berserk.
You are exhausted.
You feel yourself slow down. The orc wizard casts a spell at you.
You are confused.
The orc priest hits you with a flail.
* * * LOW HITPOINT WARNING * * *
The orc wizard hits you but does no damage.
You closely miss the orc priest. The orc wizard barely misses you.
The orc priest calls down the wrath of Beogh upon you.
Pain shoots through your body!
You die...

.....
###########.....
...............
......(.........
..........# ..
..........###...
........o...[...
........o.......
......#.@o......
........o.......
............$...
................
################


You could see an orc priest and 3 orc wizards.

Vanquished Creatures
  A hill giant (D:7)
  A gargoyle (D:7)
  Grinder (D:4)
  2 hippogriffs (D:7)
  An orc warrior (D:7)
  An ice beast (D:7)
  A necrophage (D:5)
  3 ogres
  2 phantoms (D:4)
  A centaur (D:7)
  Blork the orc (D:6)
  3 bullfrogs
  A water moccasin skeleton (D:7)
  A scorpion (D:6)
  12 killer bees
  4 wights (D:6)
  2 crimson imps (D:5)
  A centaur skeleton (D:5)
  2 orc wizards
  2 orc priests
  2 hounds
  4 iguanas
  4 gnolls (D:6)
  2 worker ant zombies
  6 adders
  An ooze (D:3)
  2 adder skeletons
  A worm (D:5)
  4 leopard geckos
  27 orcs
  A ball python (D:2)
  7 bats
  3 giant cockroaches
  8 goblins
  8 hobgoblins
  6 jackals
  4 quokkas
  5 kobolds
  A leopard gecko skeleton (D:6)
  A leopard gecko zombie (D:6)
  8 rats
148 creatures vanquished.

Notes
Turn   | Place    | Note
-------+----------+-------------------------------------------
     0 | D:1      | JeffiDaFish the Gargoyle Fighter began the quest for the Orb.
     0 | D:1      | Reached XP level 1. HP: 14/14 MP: 1/1
   110 | D:1      | Reached XP level 2. HP: 19/19 MP: 2/2
   539 | D:1      | You fall through a shaft!
   588 | D:2      | Reached XP level 3. HP: 24/24 MP: 3/3
   663 | D:2      | Found a shadowy altar of Dithmenos.
  1024 | D:1      | Reached XP level 4. HP: 29/29 MP: 4/4
  1336 | D:2      | Gained mutation: You tend to lose your temper in combat. [potion of mutation]
  1336 | D:2      | Gained mutation: You are dopey. (Int -2) [potion of mutation]
  1336 | D:2      | Lost mutation: You are dopey. (Int -2) [potion of mutation]
  1382 | D:2      | Found a white marble altar of Elyvilon.
  2008 | D:3      | Reached skill level 1 in Dodging
  2008 | D:3      | Reached XP level 5. HP: 19/33 MP: 5/5
  2337 | D:3      | Learned a level 2 spell: Blink
  2449 | D:4      | Found a bloodstained altar of Trog.
  2597 | D:4      | Noticed an ogre
  2610 | D:4      | Killed an ogre
  2610 | D:4      | Reached XP level 6. HP: 14/38 MP: 6/6
  2825 | D:4      | Noticed Grinder
  2830 | D:4      | Paralysed by Grinder for 5 turns
  2839 | D:4      | Paralysed by Grinder for 5 turns
  2883 | D:4      | Killed Grinder
  2883 | D:4      | Reached skill level 1 in Spellcasting
  2883 | D:4      | Reached skill level 1 in Translocations
  2883 | D:4      | Reached XP level 7. HP: 25/44 MP: 6/8
  3468 | D:4      | Reached skill level 5 in Shields
  3557 | D:4      | Found a shimmering altar of Xom.
  3622 | D:4      | Reached skill level 5 in Fighting
  3622 | D:4      | Reached skill level 5 in Armour
  3800 | D:5      | Entered Level 5 of the Dungeon
  3839 | D:5      | Found a staircase to the Ecumenical Temple.
  3855 | Temple   | Entered the Ecumenical Temple
  4059 | D:5      | Reached XP level 8. HP: 49/49 MP: 10/10
  5008 | D:6      | Found a sparkling altar of Nemelex Xobeh.
  5135 | D:6      | Found a shattered altar of Ashenzari.
  5245 | D:6      | Reached skill level 5 in Maces & Flails
  5302 | D:6      | Noticed Blork the orc
  5311 | D:6      | Killed Blork the orc
  5454 | D:6      | Found a glowing silver altar of Zin.
  5587 | D:6      | Reached XP level 9. HP: 55/55 MP: 12/12
  5617 | D:7      | Noticed a hill giant
  5628 | D:7      | Killed a hill giant
  6239 | D:7      | Noticed a gargoyle
  6255 | D:7      | Killed a gargoyle
  6255 | D:7      | Reached XP level 10. HP: 63/63 MP: 14/14
  6284 | D:7      | Found a bloodstained altar of Trog.
  6472 | D:7      | Found a sacrificial altar of Ru.
  6522 | D:7      | You fall through a shaft for 3 floors!
  6522 | D:10     | Entered Level 10 of the Dungeon
  6619 | D:10     | Killed from afar by an orc priest

Skill      XL: |  1  2  3  4  5  6  7  8  9 |
---------------+----------------------------+-----
Armour         | 4 5 6 7 |  7.8
Maces & Flails | 3 4 5 6 |  6.5
Fighting       | 4 5 6 7 |  7.5
Dodging        | 1 2 3 |  3.2
Shields        | 4 5 6 7 |  7.3
Spellcasting   | 1 2 3 |  3.3
Translocations | 1 2 3 |  3.4

Action                   |  1- 3 |  4- 6 |  7- 9 | 10-12 || total
-------------------------+-------+-------+-------+-------++-------
Melee: Flail             |   101 |    19 |       |       ||   120
       Whip              |       |   116 |   299 |       ||   415
       Morningstar       |       |       |   197 |   102 ||   299
  Use: Scroll            |     5 |     5 |     5 |     1 ||    16
       Potion            |     5 |     4 |     5 |     2 ||    16
 Stab: Invisible         |       |       |     4 |       ||     4
  Eat: Chunk             |     1 |     5 |    12 |     2 ||    20
Armor: Scale mail        |    80 |    40 |       |       ||   120
       Plate armour      |       |    10 |   274 |   126 ||   410
Dodge: Dodged            |    37 |    24 |   143 |    82 ||   286
Block: Shield            |    52 |    51 |   274 |   130 ||   507
